 Dungeon Crawl Stone Soup version 0.27.0-1-g7a089689b8 (webtiles) character file.

Game seed: 18109053607855649032

172 nxtlvl the Poker (level 5, -10/38 HPs)
             Began as a Human Gladiator on Aug 4, 2021.
             Mangled by an ogre (25 damage)
             ... on level 5 of the Dungeon.
             The game lasted 00:11:29 (883 turns).

nxtlvl the Poker (Human Gladiator)                   Turns: 883, Time: 00:11:30

Health: -10/38     AC:  4    Str: 15    XL:     5   Next: 82%
Magic:  5/5        EV: 11    Int:  8    God:
Gold:   76         SH:  3    Dex: 15    Spells: 4/4 levels left

rFire    . . .     SeeInvis .   a - +0 trident
rCold    . . .     Faith    .   h - +0 buckler
rNeg     . . .     Spirit   .   b - +0 leather armour
rPois    .         Reflect  .   c - +0 helmet
rElec    .         Harm     .   (no cloak)
rCorr    .         Rampage  .   (no gloves)
Will     .....                  (no boots)
Stlth    +.........             (no amulet)
HPRegen  0.12/turn              (no ring)
MPRegen  0.09/turn              (no ring)

@: no status effects
A: no striking features
a: no special abilities


You were on level 5 of the Dungeon.
You visited 1 branch of the dungeon, and saw 5 of its levels.
You also visited: Sewer.

You collected 76 gold pieces.

Inventory:

Hand Weapons
 a - a +0 trident (weapon)
Armour
 b - a +0 leather armour (worn)
 c - a +0 helmet (worn)
 h - a +0 buckler (worn)
Scrolls
 e - a scroll of fog
 f - a scroll of torment {unknown}
 i - a scroll of blinking {unknown}


   Skills:
 - Level 2.0 Fighting
 + Level 6.0 Polearms
 - Level 2.0 Throwing
 - Level 3.0 Dodging


You had 4 spell levels left.
You didn't know any spells.
Your spell library was empty.

Dungeon Overview and Level Annotations

Branches:
Dungeon (5/15)              Sewer (visited)
 Temple: D:4-7

Altars:
Ru

Shops:
D:1 [


Message History

An orc warrior comes into view. It is wielding a +0 halberd.
An orc comes into view. It is wielding a +0 hand axe.
You see here a +0 tower shield.
Found a spear.
An orc is nearby!
An orc is nearby!
There is a stone staircase leading down here.
You climb downwards.
A scorpion comes into view.
There is a stone staircase leading up here.
Throw: throwing net
Press: ? - help, Q - select action Shift-Dir - straight line, f - scorpion
Aim: a scorpion (60% to hit)
You throw a throwing net.
The throwing net closely misses the scorpion.
The scorpion stings you!
You are poisoned.
The scorpion poisons you!
You feel sick.
An ogre comes into view. It is wielding a +0 giant club.
You feel sick.
The ogre shouts!
Found a stone staircase leading down.
You feel sick.
You closely miss the scorpion.
You feel sick. The scorpion barely misses you. The scorpion stings you.
You puncture the scorpion!
The scorpion is heavily wounded.
You feel sick. The scorpion stings you.
You hit the scorpion but do no damage.
The scorpion is heavily wounded.
You feel sick.
You are no longer poisoned.
The scorpion stings you.
You hit the scorpion.
The scorpion is severely wounded.
You block the scorpion's attack.
The ogre hits you with a +0 giant club!!
Ouch! That really hurt!
You die...

#....##
##.....>.
###........
..........
##........#
#.........#
##...O.....#
#...@..(.#
##...s...##
#.......##
#.....###
#<...##
######


You could see an ogre and a scorpion.

Vanquished Creatures
  An ogre (D:4)
  An adder (Sewer)
  3 river rats
  A dart slug (D:4)
  2 orcs (D:4)
  4 endoplasms
  3 giant cockroaches (D:4)
  2 goblins (D:1)
  5 hobgoblins
  A quokka (D:4)
  10 ball pythons
  2 frilled lizards
  2 kobolds
  21 rats
58 creatures vanquished.

Notes
Turn   | Place    | Note
-------+----------+-------------------------------------------
     0 | D:1      | nxtlvl the Human Gladiator began the quest for the Orb.
     0 | D:1      | Reached XP level 1. HP: 16/16 MP: 1/1
   100 | D:3      | Reached XP level 2. HP: 20/22 MP: 2/2
   118 | D:1      | Found Meick's Armour Shop.
   301 | D:4      | Reached XP level 3. HP: 15/27 MP: 3/3
   326 | D:4      | Reached skill level 4 in Polearms
   343 | D:4      | Found a glowing drain.
   396 | Sewer    | Entered a sewer
   502 | Sewer    | Reached XP level 4. HP: 5/33 MP: 4/4
   600 | Sewer    | Reached skill level 5 in Polearms
   704 | Sewer    | Noticed a bullfrog
   717 | D:4      | Noticed an ogre
   730 | D:4      | Found a sacrificial altar of Ru.
   761 | D:4      | Killed an ogre
   762 | D:4      | Reached XP level 5. HP: 26/38 MP: 5/5
   766 | D:4      | Reached skill level 6 in Polearms
   850 | D:4      | Noticed an orc warrior
   874 | D:5      | Entered Level 5 of the Dungeon
   878 | D:5      | Noticed an ogre
   883 | D:5      | Mangled by an ogre

Illustrated notes

Levels and vault maps discovered:
D:1:      minmay_arrival_loop, layout_rooms, serial_shops,
          nicolae_shop_waterfront, nicolae_shop_stone, nicolae_shop_waterfront,
          basic_ecumenical_altar, minmay_tromino_i4
D:2:      layout_basic
D:3:      layout_basic
D:4:      layout_basic, overflow_temple_1_default,
          nicolae_ru_sacrificial_ziggurat, portal_sewer_entry_a
D:5:      layout_cave_pods, grunt_dithmenos_shadows,
          minmay_temple_entry_slanted, corexii_shack, roderic_batcave,
          chequers_avenue, uniq_sigmund

Skill      XL: |  1  2  3  4  5 |
---------------+----------------+-----
Polearms       | 4 5 6 |  6.0
Fighting       | |  2.0
Throwing       | |  2.0
Dodging        | |  3.0

Action                   |  1- 3 |  4- 6 || total
-------------------------+-------+-------++-------
Melee: Trident           |   109 |    70 ||   179
Throw: Throwing net      |       |     3 ||     3
  Use: Potion            |     1 |     3 ||     4
       Scroll            |       |     3 ||     3
 Stab: Sleeping          |     2 |       ||     2
       Held in net/web   |       |     2 ||     2
Armor: Leather armour    |    26 |    16 ||    42
       Skin              |       |    12 ||    12
Dodge: Dodged            |    44 |    22 ||    66
Block: Buckler           |     6 |    12 ||    18
